 Dungeon Crawl Stone Soup version 0.30-a0-808-g6e0788376e (webtiles) character file.

Game seed: 18149105833957054001

144 sasquatch the Slasher (level 5, -1/61 HPs)
             Began as a Demonspawn Berserker on Feb 27, 2023.
             Was a Believer of Trog.
             Frozen to death by an endoplasm (5 damage)
             ... on level 4 of the Dungeon.
             The game lasted 00:06:14 (3222 turns).

sasquatch the Slasher (Demonspawn Berserker)        Turns: 3222, Time: 00:06:14

Health: -1/61      AC:  5    Str: 18    XL:     5   Next: 5%
Magic:  5/5        EV: 11    Int:  8    God:    Trog [**....]
Gold:   202        SH:  0    Dex: 14    Spells: 4/4 levels left

rFire   . . .      SeeInvis .    a - +0 falchion
rCold   . . .      Faith    .    (no shield)
rNeg    . . .      Spirit   .    p - +0 ring mail
rPois   .          Reflect  .    (helmet restricted)
rElec   .          Harm     .    (no cloak)
rCorr   +          Rampage  .    (no gloves)
Will    .....                    (no boots) Stlth
                                 (no amulet)
HPRegen 0.30/turn                o - ring of resist corrosion
MPRegen 0.09/turn                (no ring)

@: berserking, very quick
A: antennae 2
a: Renounce Religion, Berserk, Trog's Hand


You were on level 4 of the Dungeon.
You worshipped Trog.
Trog was pleased with you.
You visited 1 branch of the dungeon, and saw 4 of its levels.

You collected 202 gold pieces.

Inventory:

Hand Weapons
 a - a +0 falchion (weapon)
Missiles
 e - 6 javelins (quivered)
Armour
 p - a +0 ring mail (worn)
Jewellery
 o - a ring of resist corrosion (left hand)
Wands
 l - a wand of roots (6)
Scrolls
 b - a scroll of enchant armour {unknown}
 c - 2 scrolls of identify {unknown}
 f - a scroll of vulnerability {unknown}
 g - a scroll of enchant weapon {unknown}
 k - a scroll of blinking {unknown}
 n - 3 scrolls of fear {unknown}
 r - a scroll of magic mapping {unknown}
Potions
 d - 2 potions of mutation {unknown}
 h - 6 potions of curing {unknown}
 i - 3 potions of ambrosia {unknown}
 j - a potion of resistance {unknown}
 m - 3 potions of heal wounds {unknown}
 q - a potion of cancellation {unknown}
 s - a potion of lignification {unknown}
 t - a potion of might {unknown}


   Skills:
 - Level 3.0 Fighting
 * Level 4.6 Long Blades
 - Level 1.7 Armour
 + Level 3.0 Dodging


You had 4 spell levels left.
You didn't know any spells.
Your spell library was empty.

Dungeon Overview and Level Annotations

Branches:
Dungeon (4/15)
 Temple: D:4-7

Altars:
Wu Jian


Innate Abilities, Weirdness & Mutations

You have a pair of antennae on your head.


Message History

The ball python barely misses you. The ball python constricts you.
The endoplasm hits you. The worm bites you.
You hit the ball python.
You kill the ball python!
Trog accepts your kill. The endoplasm freezes you.
You are frozen.
You are too injured to fight recklessly!
You are too injured to fight recklessly!
You are too injured to fight recklessly!
You are too injured to fight recklessly!
You hit the endoplasm but do no damage. The worm bites you.
The endoplasm jiggles.
The endoplasm hits you but does no damage.
You hit the worm.
The worm is moderately wounded.
The endoplasm hits you. The worm barely misses you.
You hit the worm but do no damage.
The worm is moderately wounded.
The endoplasm hits you.
* * * LOW HITPOINT WARNING * * *
A red film seems to cover your vision as you go berserk!
You feel yourself moving faster!
You feel mighty! The endoplasm misses you. The worm bites you!
* * * LOW HITPOINT WARNING * * *
You barely miss the worm.
The worm is moderately wounded.
The endoplasm freezes you.
You are frozen.
* * * LOW HITPOINT WARNING * * *
You slash the worm!
The worm is severely wounded.
The worm bites you.
* * * LOW HITPOINT WARNING * * *
You slash the worm!
You kill the worm!
Trog accepts your kill. The endoplasm freezes you.
You are frozen.
You die...

#############
............#
............#
............#
............#
.......†....#
......J@....#
.......††...#
............#
............#
............#
....)...!.."+
.)..........#
..........?.#


You could see an endoplasm.

Vanquished Creatures
  7 adders
  2 worms
  A dart slug (D:1)
  4 orcs (D:3)
  8 ball pythons
  8 bats
  6 endoplasms
  4 giant cockroaches
  2 hobgoblins
  2 jackals (D:2)
  6 quokkas
  4 frilled lizards (D:2)
  6 goblins
  6 kobolds
  3 rats
69 creatures vanquished.

Notes
Turn   | Place    | Note
-------+----------+-------------------------------------------
     0 | D:1      | sasquatch the Demonspawn Berserker began the quest for the
                  | Orb.
     0 | D:1      | Reached XP level 1. HP: 18/18 MP: 1/1
   183 | D:1      | Reached skill level 3 in Long Blades
   192 | D:1      | Gained mutation: You have a pair of small antennae on your
                  | head. [demonic ancestry]
   192 | D:1      | Reached XP level 2. HP: 22/24 MP: 2/2
   979 | D:2      | Reached XP level 3. HP: 10/29 MP: 3/3
  1454 | D:2      | Reached skill level 4 in Long Blades
  1454 | D:2      | Gained mutation: You have a pair of antennae on your head.
                  | [demonic ancestry]
  1454 | D:2      | Reached XP level 4. HP: 8/35 MP: 4/4
  1459 | D:2      | HP: 1/35 [poisoned by an adder]
  1751 | D:2      | Found an ornate altar of the Wu Jian Council.
  1910 | D:2      | Reached ** piety under Trog
  1978 | D:2      | Found a faded altar of an unknown god.
  2961 | D:3      | Reached XP level 5. HP: 41/41 MP: 5/5
  3222 | D:4      | Frozen to death by an endoplasm

Illustrated notes

Levels and vault maps discovered:
D:1:      psy_arrival_terrarium, layout_loops_ring
D:2:      minmay_inner_zag, layout_basic, ebering_ecumenical_altar_mist,
          basic_altar, kennysheep_flooded_box
D:3:      layout_basic
D:4:      layout_basic, marbit_many_paths

Skill      XL: |  1  2  3  4 |
---------------+-------------+-----
Long Blades    | 3 4 |  4.6
Dodging        | 2 3 |  3.0
Fighting       | |  3.0
Armour         | |  1.7

Action                     |  1- 3 |  4- 6 || total
---------------------------+-------+-------++-------
  Melee: Falchion          |   121 |   122 ||   243
         Punch             |       |     1 ||     1
 Invoke: Berserk           |     3 |     3 ||     6
   Stab: Sleeping          |     6 |       ||     6
 Armour: Animal skin       |    22 |    10 ||    32
         Ring mail         |       |    33 ||    33
  Dodge: Dodged            |    81 |    92 ||   173

Table legend: (Time is in decaauts)
 A = Elapsed time spent in this place.
 B = Non-inter-level travel time spent in this place.
 C = Inter-level travel time spent in this place.
 D = Time resting spent in this place.
 E = Time spent auto-exploring this place.
 F = Levels seen in this place.
 G = Mean time per level.
                   A        B        C        D        E       F      G
               +--------+--------+--------+--------+--------+-----+--------+
         Total |   3297 |   3108 |    189 |    229 |   2353 |   4 |  824.2 |
       Dungeon |   3297 |   3108 |    189 |    229 |   2353 |   4 |  824.2 |
               +--------+--------+--------+--------+--------+-----+--------+

Top non-repeatable levels by time:
     D:2: 1314 daAuts
     D:1: 988 daAuts
     D:3: 975 daAuts
     D:4: 19 daAuts
